 Dungeon Crawl Stone Soup version 0.30.1-4-g462c640d31 (webtiles) character file.

Game seed: 11448512545072719511

7452 Ivernyr the Thaumaturge (level 11, -9/86 HPs)
             Began as a Djinni Hedge Wizard on Sept 13, 2023.
             Was a Priest of Ashenzari.
             Mangled by Nergalle
             ... wielding a +3 dagger of pain
              (10 damage)
             ... on level 10 of the Dungeon on Sept 15, 2023.
             The game lasted 00:36:55 (10358 turns).

Ivernyr the Thaumaturge (Djinni Hedge Wizard)      Turns: 10358, Time: 00:36:56

Health: -9/86      AC: 10    Str:  9    XL:     11   Next: 37%
Gold:   561        EV: 17    Int: 19    God:    Ashenzari [***...] SH:  0 Dex: 14

rFire   + + .        a - +2 dagger of the Ruined Sun {venom, Melee, Self} (curse)
rCold   x . .        (no shield)
rNeg    . . .        b - +2 animal skin of Ashenzari's Jealousy {Fort, Self} (curse)
rPois   ∞            l - +0 helmet "I Knew You'd Do That" {Cun, Melee} (curse)
rElec   .            F - +0 cloak
rCorr   .            y - +2 pair of gloves "Regret of Ashenzari" {Stlth+, Melee, Range} (curse)
SInv    +            (boots unavailable)
Will    +....        (no amulet)
Stlth   +++          (no ring)
HPRegen 0.34/turn    A - ring of the Bound Portent {Wiz, Self, Fort} (curse)
MPRegen 0.00/turn

%: clarity, wizardry (x1), infuse magic (-10 HP)
@: flying
A: sickness immunity, fire resistance 2, cold vulnerability 1, float, innate
caster, HP casting, extra vitality 1
a: Renounce Religion, Shatter the Chains


You were on level 10 of the Dungeon.
You worshipped Ashenzari.
Ashenzari was most pleased with you.
You visited 1 branch of the dungeon, and saw 10 of its levels.

You collected 561 gold pieces.

Inventory:

Hand Weapons
 a - the cursed +2 dagger of the Ruined Sun (weapon) {venom, Melee, Self}
   (You took it off an orc wizard on level 6 of the Dungeon)

   It has a curse which improves the following skills: Melee Combat: Short
   Blades, Long Blades, Axes, Maces & Flails, Polearms, Staves and Unarmed
   Combat.
   Introspection: Fighting and Spellcasting.
Armour
 b - the cursed +2 animal skin of Ashenzari's Jealousy (worn) {Fort, Self}
   (You took it off Robin on level 2 of the Dungeon)

   It has a curse which improves the following skills: Fortitude: Armour and
   Shields.
   Introspection: Fighting and Spellcasting.
 l - the cursed +0 helmet "I Knew You'd Do That" (worn) {Cun, Melee}
   (You took it off Robin on level 2 of the Dungeon)

   It has a curse which improves the following skills: Cunning: Dodging and
   Stealth.
   Melee Combat: Short Blades, Long Blades, Axes, Maces & Flails, Polearms,
   Staves and Unarmed Combat.
 y - the cursed +2 pair of gloves "Regret of Ashenzari" (worn) {Stlth+, Melee, Range}
   (You found it on level 5 of the Dungeon)

   It has a curse which improves the following skills: Melee Combat: Short
   Blades, Long Blades, Axes, Maces & Flails, Polearms, Staves and Unarmed
   Combat.
   Ranged Combat: Ranged Weapons and Throwing.
 F - a +0 cloak (worn)
Jewellery
 A - the cursed ring of the Bound Portent (right hand) {Wiz, Self, Fort}
   (You found it on level 5 of the Dungeon)

   [ring of wizardry]

   It improves your spell success rate.
   It has a curse which improves the following skills: Introspection: Fighting
   and Spellcasting.
   Fortitude: Armour and Shields.
Wands
 u - a wand of flame (21)
 C - a wand of paralysis (17)
 H - a wand of polymorph (5)
 K - a wand of roots (11)
 L - a wand of digging (4)
Scrolls
 g - 3 scrolls of teleportation
 k - 9 scrolls of identify
 m - 4 scrolls of fear
 n - 2 scrolls of fog
 o - a scroll of amnesia
 q - 3 scrolls of torment
 s - a scroll of silence
 t - 3 scrolls of vulnerability
 v - a scroll of immolation
 w - a scroll of noise
 x - 2 scrolls of enchant armour
 D - a scroll of poison
 J - 2 scrolls of magic mapping
 M - a scroll of enchant weapon
 N - a scroll of brand weapon
 O - a scroll of blinking
Potions
 c - 4 potions of degeneration
 d - 2 potions of mutation
 f - 4 potions of curing
 h - a potion of magic
 i - 3 potions of attraction
 j - a potion of experience
 p - a potion of cancellation
 r - 3 potions of might
 z - a potion of berserk rage
 B - 2 potions of brilliance
 E - 2 potions of haste
 G - a potion of invisibility
 I - a potion of lignification


   Skills:
 + Level 7.8(10.8) Fighting
 + Level 5.8(8.1) Armour
 + Level 9.0(10.5) Dodging
 - Level 1.5(2.6) Stealth
 * Level 9.0(12.0) Spellcasting


You knew the following spells:

 Your Spells              Type           Power      Damage    Failure   Level
a - Magic Dart            Conj           100%       1d8       1%          1
b - Slow                  Hex            100%       N/A       1%          1
c - Blink                 Tloc           100%       N/A       1%          2
d - Call Imp              Summ           100%       N/A       1%          2
e - Mephitic Cloud        Conj/Pois/Air  55%        N/A       1%          3
f - Shock                 Conj/Air       100%       1d9       1%          1
g - Poisonous Vapours     Pois/Air       100%       N/A       1%          2
h - Spider Form           Tmut/Pois      55%        N/A       1%          3
i - Anguish               Hex/Necr       27%        N/A       1%          4
j - Cause Fear            Hex            27%        N/A       1%          4
Your spell library was empty.

Dungeon Overview and Level Annotations

Branches:
Dungeon (10/15)            Temple (0/1) D:6            Lair (0/5) D:10
    Orc: D:9-12

Altars:
Ashenzari
Gozag
Makhleb
Okawaru
Ru
Trog
Uskayaw
Wu Jian
Xom
Yredelemnul
The Shining One

Annotations:
D:4 2 transporters, sonasty's ghost, amateur DEFE
D:10 1 transporter, Nergalle


Innate Abilities, Weirdness & Mutations

You are immune to sickness and miasma.
You are immune to poison.
Your flesh is very heat resistant. (rF++)
You are vulnerable to cold. (rC-)
You float through the air rather than walking.
You learn spells naturally, not from books.
Your magical power is your life essence.
You have superior vitality. (+4 MHP)


Message History

Nergalle is engulfed in noxious fumes.
Nergalle appears confused.
Nergalle hits the spectral orc warrior with a +3 dagger of pain.
Nergalle is wracked by anguish.
The spectral orc warrior closely misses you.
You hit Nergalle.
Nergalle looks as sick as possible!
Nergalle is severely wounded.
The spectral orc warrior barely misses you.
The spectral orc warrior hits you with a +0 scimitar!
* * * LOW HITPOINT WARNING * * *
The spectral orc warrior misses you.
Nergalle is engulfed in noxious fumes.
Nergalle appears confused.
Nergalle misses you.
The spectral orc warrior barely misses you.
You catch the helpless Nergalle completely off-guard!
You hit Nergalle but do no damage.
Nergalle looks as sick as possible!
Nergalle is severely wounded.
The spectral orc warrior hits you but does no damage.
The spectral orc warrior closely misses you. x2
Nergalle is engulfed in noxious fumes.
Nergalle appears confused.
Nergalle hits you with a +3 dagger of pain.
* * * LOW HITPOINT WARNING * * *
You writhe in agony.
* * * LOW HITPOINT WARNING * * *
Nergalle is wracked by anguish.
The spectral orc warrior hits you from afar with a +0 trident!
* * * LOW HITPOINT WARNING * * *
You feel much better. The spectral orc warrior misses you.
The spectral orc warrior hits you with a +0 scimitar!
* * * LOW HITPOINT WARNING * * *
The spectral orc warrior closely misses you.
Nergalle is engulfed in noxious fumes.
Nergalle closely misses herself.
The spectral orc warrior hits you but does no damage.
You hit Nergalle but do no damage.
Nergalle looks as sick as possible!
Nergalle is almost dead.
The spectral orc warrior misses you.
The spectral orc warrior hits you from afar with a +0 halberd!
* * * LOW HITPOINT WARNING * * *
The spectral orc warrior hits you.
* * * LOW HITPOINT WARNING * * *
Nergalle hits you but does no damage.
You writhe in agony!
You die...

#### #................ ,, , ,
,...#................ ,, ,
#.#................ * , ,...
,*#.................. , *
....* ###................ * *
.... #...(............. ,....
....####Z#............... ,
,.... #.
#...#Z##.....##....... ,
.....#.*#...#@####..[....##.##
.....#.##..ZoZ##......#####.##
...........Z)ZZ..####...###.##
........#...###...............
............# #########.###.##
..Y......#### #.....#
......#### ####### .....*
,....,


You could see Nergalle (confused, extremely poisoned, anguished), a spectral orc
(summoned) and 6 spectral orc warriors.

Vanquished Creatures
  An ugly thing (D:10)
  A cyclops (D:10)
  A hornet (D:10)
  Grinder (D:5)
  Sigmund (D:2)
  2 wyverns
  2 yaks (D:10)
  4 steam dragons
  Menkaure (D:7)
  2 water moccasins
  2 black bears
  4 orc warriors
  3 ice beasts
  6 centaurs
  3 ogres
  2 phantoms (D:6)
  A kobold brigand (D:6)
  A bullfrog (D:7)
  6 wights
  12 killer bees
  A howler monkey (D:6)
  5 hounds
  2 jellies
  8 orc priests
  3 sleepcaps
  Crazy Yiuf (D:2)
  2 iguanas (D:6)
  9 orc wizards
  Robin (D:2)
  8 adders
  A shadow imp (D:7)
  4 worms
  32 orcs
  6 bats
  11 endoplasms
  4 giant cockroaches
  7 goblins
  14 hobgoblins
  2 jackals (D:5)
  10 kobolds
  A quokka (D:3)
  4 ball pythons
  6 frilled lizards
  7 rats
205 creatures vanquished.

Vanquished Creatures (collateral kills)
  A bullfrog (D:9)
  A killer bee (D:9)
  2 orcs (D:9)
4 creatures vanquished.

Vanquished Creatures (others)
  Urug (D:10)
  2 yaks (D:10)
  An orc wizard (D:6)
  An orc (D:10)
5 creatures vanquished.

Grand Total: 214 creatures vanquished

Notes
Turn   | Place    | Note
-------+----------+-------------------------------------------
     0 | D:1      | Ivernyr the Djinni Hedge Wizard began the quest for the
                  | Orb.
     0 | D:1      | Ivernyr set off with the following spells memorised: Magic
                  | Dart, Slow, Blink, Call Imp, Mephitic Cloud.
     0 | D:1      | Reached XP level 1. HP: 15/15 MP: 0/0
   168 | D:1      | Reached XP level 2. HP: 12/22 MP: 0/0
   692 | D:1      | Reached XP level 3. HP: 24/26 MP: 0/0
   692 | D:1      | Learned a level 1 spell: Shock
   857 | D:2      | Noticed Sigmund
   869 | D:2      | Killed Sigmund
   870 | D:2      | Reached XP level 4. HP: 21/34 MP: 0/0
   870 | D:2      | Reached XP level 5. HP: 24/39 MP: 0/0
   870 | D:2      | Learned a level 2 spell: Poisonous Vapours
   870 | D:2      | Reached XP level 6. HP: 27/44 MP: 0/0
  1395 | D:2      | Noticed Robin
  1405 | D:2      | Killed Robin
  2022 | D:2      | Found a runed translucent door.
  2023 | D:2      | Noticed Crazy Yiuf
  2240 | D:2      | Killed Crazy Yiuf
  3584 | D:4      | Found a transporter.
  3602 | D:4      | Reached XP level 7. HP: 46/50 MP: 0/0
  3602 | D:4      | Learned a level 3 spell: Spider Form
  4138 | D:4      | Noticed sonasty's ghost (amateur DEFE)
  4139 | D:4      | Found a transporter.
  4388 | D:5      | Entered Level 5 of the Dungeon
  4592 | D:5      | Found an iron altar of Okawaru.
  4592 | D:5      | Found a hide-covered altar of Uskayaw.
  4592 | D:5      | Found a glowing golden altar of the Shining One.
  4592 | D:5      | Found a broken altar of Ashenzari.
  4602 | D:5      | Found a basalt altar of Yredelemnul.
  4602 | D:5      | Found a sacrificial altar of Ru.
  4612 | D:5      | Became a worshipper of Ashenzari the Shackled
  4840 | D:5      | Noticed Grinder
  4843 | D:5      | Paralysed by Grinder for 4 turns
  4863 | D:5      | Killed Grinder
  4864 | D:5      | Reached skill level 5 in Dodging
  4864 | D:5      | Reached skill level 5 in Spellcasting
  4864 | D:5      | Reached XP level 8. HP: 20/58 MP: 0/0
  5501 | D:5      | Found a shimmering altar of Xom.
  5530 | D:5      | Found a bloodstained altar of Trog.
  5533 | D:5      | Found an opulent altar of Gozag.
  6110 | D:6      | Reached skill level 5 in Fighting
  6110 | D:6      | Reached XP level 9. HP: 51/65 MP: 0/0
  6110 | D:6      | Learned a level 4 spell: Anguish
  6225 | D:6      | Reached skill level 1 in Armour
  6606 | D:6      | Found a staircase to the Ecumenical Temple.
  6870 | D:7      | Noticed Menkaure
  6877 | D:7      | Killed Menkaure
  6998 | D:7      | Found a burning altar of Makhleb.
  7329 | D:7      | Reached * piety under Ashenzari
  7492 | D:7      | Reached XP level 10. HP: 69/72 MP: 0/0
  8159 | D:8      | Reached ** piety under Ashenzari
  9405 | D:9      | Reached *** piety under Ashenzari
  9632 | D:9      | Found an ornate altar of the Wu Jian Council.
  9740 | D:10     | Entered Level 10 of the Dungeon
  9743 | D:10     | Noticed a cyclops
  9768 | D:10     | Killed a cyclops
  9769 | D:10     | Reached skill level 5 in Armour
  9769 | D:10     | Reached XP level 11. HP: 37/84 MP: 0/0
  9769 | D:10     | Learned a level 4 spell: Cause Fear
  9783 | D:10     | Noticed a green ugly thing
  9956 | D:10     | Found a staircase to the Lair.
 10005 | D:10     | Found a transporter.
 10091 | D:10     | Killed a green ugly thing
 10294 | D:10     | Noticed Urug
 10318 | D:10     | Killed Urug
 10319 | D:10     | Noticed Nergalle
 10356 | D:10     | HP: 1/86 [spectral orc warrior/+0 trident[Nergalle] (8)]
 10358 | D:10     | Mangled by Nergalle

Illustrated notes

Levels and vault maps discovered:
D:1:      dpeg_arrival_round_a, layout_loops_ring, minmay_pentomino_t2
D:2:      layout_loops_corners, uniq_crazy_yiuf_cottage, uniq_sigmund,
          uniq_robin
D:3:      layout_basic
D:4:      layout_loops_corners, gammafunk_ghost_mausoleum
D:5:      layout_loops_ring, mainiacjoe_overflow_alcove_4,
          minmay_overflow_temple_hex, minmay_overflow_temple_star_quad,
          uniq_grinder
D:6:      layout_basic, temple_hall
D:7:      layout_basic, makhleb_heckhound_becter, kennysheep_windowed_goal,
          uniq_menkaure
D:8:      layout_basic
D:9:      layout_roguey, nicolae_wu_jian_immortal_techniques
D:10:     gammafunk_cloud_chamber, layout_rooms, david_orc_3, uniq_urug,
          uniq_nergalle

Skill      XL: |  1  2  3  4  5  6  7  8  9 10 11 |
---------------+----------------------------------+-----
Fighting       | 2 3 4 5 6 7 |  7.8
Dodging        | 3 4 5 6 7 8 9 |  9.0
Spellcasting   | 3 4 5 6 7 8 9 |  9.0
Armour         | 3 5 |  5.8
Stealth        | |  1.5

Action                     |  1- 3 |  4- 6 |  7- 9 | 10-12 || total
---------------------------+-------+-------+-------+-------++-------
  Melee: Dagger            |    18 |       |    55 |   191 ||   264
         Short sword       |     3 |    19 |       |       ||    22
         Quarterstaff      |       |    23 |    39 |       ||    62
         Unarmed           |       |       |    21 |       ||    21
         Punch             |       |       |     1 |     5 ||     6
   Cast: Magic Dart        |    38 |   137 |   189 |     4 ||   368
         Mephitic Cloud    |     1 |     3 |     4 |    29 ||    37
         Poisonous Vapours |       |     4 |    13 |     1 ||    18
         Shock             |       |     1 |    57 |    25 ||    83
         Call Imp          |       |       |     2 |     3 ||     5
         Spider Form       |       |       |     2 |       ||     2
         Anguish           |       |       |       |     7 ||     7
 Invoke: Curse Item        |       |       |     2 |     3 ||     5
    Use: Potion            |       |       |       |     4 ||     4
   Stab: Sleeping          |     3 |       |       |       ||     3
         Confused          |     2 |     1 |     2 |    23 ||    28
 Armour: Robe              |     2 |     2 |       |       ||     4
         Animal skin       |       |     8 |    47 |    59 ||   114
  Dodge: Dodged            |     9 |    29 |   106 |   201 ||   345
